 Dungeon Sprint DCSS version 0.29.1-2-gbd0b4ee654 (webtiles) character file.

Game seed: 11476149297993811921

28270 Groucho the Spry (level 13, -2/73 HPs)
             Began as a Spriggan Enchanter on Nov 16, 2022.
             Was the Champion of Dithmenos.
             Killed from afar by Roxanne (32 damage)
             ... with a bolt of magma
             ... in the Dungeon (Sprint II: "The Violet Keep of Menkaure").
             The game lasted 00:28:35 (3751 turns).

Groucho the Spry (Spriggan Enchanter)               Turns: 3751, Time: 00:28:36

Health: -2/73      AC:  3    Str:  9    XL:     13   Next: 8%
Magic:  23/23      EV: 29    Int: 25    God:    Dithmenos [******]
Gold:   207        SH:  0    Dex: 17    Spells: 19/42 levels left

rFire   . . .      SeeInvis +   s - +9 dagger "Qele Vua" {vorpal, Int+7 Stlth+}
rCold   + . .      Faith    .   (no shield)
rNeg    . . .      Spirit   .   b - +0 robe
rPois   +          Reflect  .   (helmet restricted)
rElec   .          Harm     .   x - +0 cloak
rCorr   .          Rampage  .   (gloves unavailable)
Will    ++...      NoTele   +   (boots unavailable) Stlth ****++++++
                                (no amulet)
HPRegen 0.22/turn               e - ring "Geqaalyry" {Fly Str+3 Slay+2}
MPRegen 0.18/turn               v - ring of poison resistance

@: flying, hasted, wreathed by umbra, very quick
A: very small, no large weapons, unfitting armour, see invisible, speed 3, cold
resistance 1, low MP 3, evolution 2, noise suppression
a: Renounce Religion, Shadow Step, Shadow Form


You were in the Dungeon.
You worshipped Dithmenos.
Dithmenos was exalted by your worship.
You visited 1 branch You collected 3227 gold pieces.
You spent 3020 gold pieces at shops.

Inventory:

Hand Weapons
 s - the +9 dagger "Qele Vua" (weapon) {vorpal, Int+7 Stlth+}
   (You bought it in a shop in the Dungeon)

   It inflicts extra damage upon your enemies.
   Int:       It affects your intelligence (+7).
   Stlth:     It makes you more stealthy.
Missiles
 u - 4 curare-tipped darts
Armour
 b - a +0 robe (worn)
 x - a +0 cloak (worn)
Jewellery
 e - the ring "Geqaalyry" (left hand) {Fly Str+3 Slay+2}
   (You bought it in a shop in the Dungeon)

   [ring of flight]

   Str:       It affects your strength (+3).
   Slay:      It affects your accuracy & damage with ranged weapons and melee
   (+2).
   Fly:       It grants you flight.
 v - a ring of poison resistance (right hand)
 w - a +4 ring of slaying
 y - a +6 ring of intelligence
Wands
 t - a wand of flame (24) (quivered)
Scrolls
 d - 3 scrolls of identify {unknown}
 i - 3 scrolls of blinking
 j - a scroll of enchant weapon
 k - a scroll of immolation {unknown}
 n - a scroll of butterflies {unknown}
 o - a scroll of torment {unknown}
 q - a scroll of summoning {unknown}
 z - a scroll of fear {unknown}
 A - a scroll of magic mapping {unknown}
 B - a scroll of vulnerability {unknown}
Potions
 a - a potion of haste
 c - 6 potions of flight
 f - 2 potions of degeneration {unknown}
 g - 6 potions of magic
 h - 24 potions of mutation
 l - 3 potions of curing
 p - a potion of resistance
 r - a potion of brilliance {unknown}


   Skills:
 + Level 10.8 Fighting
 - Level 11.5 Short Blades
 + Level 16.3 Dodging
 - Level 16.0 Stealth
 + Level 15.3 Spellcasting
 * Level 11.7 Conjurations
 - Level 14.0 Hexes
 - Level 7.0 Translocations
 * Level 13.8 Earth Magic


You had 19 spell levels left.
You knew the following spells:

 Your Spells              Type           Power      Damage    Failure   Level
a - Ensorcelled Hibernat  Hex/Ice        100%       N/A       1%          2
b - Confusing Touch       Hex            73%        N/A       1%          3
c - Dazzling Flash        Conj/Hex       100%       N/A       1%          3
d - Tukima's Dance        Hex            73%        N/A       1%          3
e - Lehudib's Crystal Sp  Conj/Erth      35%        10d9      69%         8
f - Passage of Golubria   Tloc           52%        N/A       1%          4

Your spell library contained the following spells:

 Spells                   Type           Power      Damage    Failure   Level
 Foxfire                  Conj/Fire      100%       2x1d9     1%          1
 Shock                    Conj/Air       100%       1d9       1%          1
 Blink                    Tloc           100%       N/A       1%          2
 Conjure Flame            Conj/Fire      48%        6-21      1%          3
 Inner Flame              Hex/Fire       52%        N/A       1%          3
 Lesser Beckoning         Tloc           52%        N/A       1%          3
 Iskenderun's Mystic Bla  Conj/Tloc      60%        2d13      1%          4
 Flame Wave               Conj/Fire      48%        2d12      2%          4
 Sticky Flame             Conj/Fire      48%        2d7       2%          4
 Manifold Assault         Tloc           52%        N/A       4%          5
 Silence                  Hex/Air        26%        N/A       4%          5
 Summon Mana Viper        Hex/Summ       52%        N/A       4%          5
 Ignite Poison            Fire/Tmut/Pois 19%        N/A       9%          3
 Swiftness                Air            19%        N/A       9%          3
 Summon Forest            Summ/Tloc      18%        N/A       19%         5
 Airstrike                Air            9%         2d(2-18)  28%         4
 Conjure Ball Lightning   Conj/Air       24%        3x3d7     36%         6
 Spellforged Servitor     Conj/Summ      24%        N/A       91%         7
 Summon Cactus Giant      Summ           9%         N/A       99%         6


Dungeon Overview and Level Annotations

Branches:
Dungeon (1/1)

Altars:
Cheibriados
Dithmenos
Elyvilon
Fedhas
Gozag
Hepliaklqana
Kikubaaqudgha
Makhleb
Nemelex Xobeh
Okawaru
Qazlal
Ru
Sif Muna
Trog
Uskayaw
Vehumet
Wu Jian
Xom
Yredelemnul
Zin
The Shining One
Jiyva
Lugonu

Shops:
D (:[(*![=[!?=(!:

Annotations:
D exclusion: oklob plant, Kirke, Roxanne


Innate Abilities, Weirdness & Mutations

You are very small and have problems with some larger weapons.
You are too small for most types of armour.
You have supernaturally acute eyesight. (SInv)
You cover ground extremely quickly. (Speed+++)
Your flesh is cold resistant. (rC+)
Your magical capacity is extremely low. (-30% MP)
You have great hidden genetic potential.
You passively dampen the noise of your surroundings.


Message History

Roxanne casts a spell.
The bolt of magma hits you!!!
Ouch! That really hurt!
You emit a cloud of dark smoke.
You are too injured to fight recklessly!
Okay, then.
You are too injured to fight recklessly!
You are too injured to fight recklessly!
You are too injured to fight recklessly!
You are too injured to fight recklessly!
You puncture Roxanne! You punch Roxanne.
Roxanne is severely damaged.
Your shadow hits Roxanne but does no damage.
You hit Roxanne.
Roxanne is almost destroyed.
Your shadow hits Roxanne but does no damage.
You hit Roxanne.
Roxanne is almost destroyed.
You puncture Roxanne!
Roxanne is almost destroyed.
You hit Roxanne.
Roxanne is almost destroyed.
Your shadow hits Roxanne but does no damage.
You hit Roxanne but do no damage.
Roxanne is almost destroyed.
Your shadow hits Roxanne but does no damage.
You hit Roxanne but do no damage.
Roxanne is almost destroyed.
Your shadow hits Roxanne but does no damage.
You hit Roxanne.
Roxanne is almost destroyed.
Your shadow hits Roxanne but does no damage.
Roxanne casts a spell.
You blink.
You hit Roxanne.
Roxanne is almost destroyed.
Roxanne mutters, "When I said I wanted to live forever... this was not what I had in mind."
Roxanne mumbles some strange words.
The bolt of magma hits you!!
You die...

~#_._._._.#~~§~~§'..'..▓~#
≈#._._._._#~~~~≈§#..#.†▓~#
§#.._._._.#~~§§§≈▓..#..▓~#
§#._._._..#~§≈§▓▓▓▓▓▓▓▓▓~#
≈##########§§§≈▓...≈≈≈≈~~#
##~~~~~~~~§≈≈≈≈▓...≈≈≈≈~~#
##~########≈▓▓▓▓▓▓▓▓▓≈≈~~#
##~# #▓▓~§§§§§§▓▓≈~~# §+~#
#▓.~§§@§§..▓▓~~# #### ,
,+.§~~§8§§§§~'~~# #
##~~§§§§§§~##### , , ,
##§§§§§§§## ######### * *


You could see Roxanne.

Vanquished Creatures
  A hellephant (D)
  A deep elf blademaster (D)
  A kraken (D)
  A deep elf master archer (D)
  2 sphinxes (D)
  A draconian shifter (D)
  A crystal guardian (D)
  A fire dragon (D)
  A great orb of eyes (D)
  A death yak (D)
  Sonja (D)
  2 deep trolls (D)
  A glowing orange brain (D)
  2 death drakes (D)
  An obsidian statue (D)
  A harpy (D)
  15 shining eyes (D)
  A merfolk siren (D)
  An eye of devastation (D)
  2 cane toads (D)
  A yaktaur (D)
  5 polar bears (D)
  A hornet (D)
  2 slime creatures (D)
  15 flying skulls (D)
  3 wyverns (D)
  4 neqoxecs (D)
  Menkaure (D)
  3 water moccasins (D)
  10 floating eyes (D)
  2 swamp drakes (D)
  A scorpion (D)
  4 necrophages (D)
  2 spectral adders (D)
  3 worms (D)
95 creatures vanquished.

Vanquished Creatures (others)
  A water moccasin (D)
  4 tentacles (D)
5 creatures vanquished.

Grand Total: 100 creatures vanquished

Notes
Turn   | Place    | Note
-------+----------+-------------------------------------------
     0 | D        | Groucho the Spriggan Enchanter began the quest for the Orb.
     0 | D        | Reached XP level 1. HP: 9/9 MP: 5/5
     3 | D        | Noticed a neqoxec
     3 | D        | Noticed a neqoxec
     3 | D        | Noticed a neqoxec
     3 | D        | Noticed a neqoxec
    18 | D        | Killed a neqoxec
    19 | D        | Reached skill level 5 in Dodging
    19 | D        | Reached skill level 5 in Spellcasting
    19 | D        | Reached skill level 5 in Hexes
    19 | D        | Reached XP level 2. HP: 16/16 MP: 6/9
    19 | D        | Reached XP level 3. HP: 19/19 MP: 6/10
    19 | D        | Reached XP level 4. HP: 23/23 MP: 7/12
    20 | D        | Killed a neqoxec
    21 | D        | Reached skill level 5 in Short Blades
    21 | D        | Reached XP level 5. HP: 28/28 MP: 7/14
    23 | D        | Killed a neqoxec
    24 | D        | Reached XP level 6. HP: 33/33 MP: 7/16
    24 | D        | Killed a neqoxec
    38 | D        | Killed a water moccasin
    90 | D        | Learned a level 2 spell: Ensorcelled Hibernation
    94 | D        | Learned a level 3 spell: Confusing Touch
    98 | D        | Learned a level 3 spell: Dazzling Flash
   102 | D        | Learned a level 3 spell: Tukima's Dance
   111 | D        | Reached XP level 7. HP: 38/38 MP: 13/18
   139 | D        | Reached skill level 5 in Fighting
   471 | D        | Noticed a merfolk siren
   474 | D        | Killed a merfolk siren
   475 | D        | Reached skill level 15 in Stealth
   475 | D        | Reached XP level 8. HP: 44/44 MP: 21/21
   495 | D        | Found Dovillau's Book Emporium.
   495 | D        | Found Ozih's Antique Weapon Shoppe.
   495 | D        | Found Sudisiwo's Jewellery Emporium.
   496 | D        | Found Naoli's Distillery.
   496 | D        | Found Bolefil's Distillery.
   496 | D        | Found Eleklotu's Antique Armour Emporium.
   496 | D        | Found Viurah's Jewellery Shoppe.
   497 | D        | Found Hossimn's Distillery.
   497 | D        | Found Fujiclaat's Magic Scroll Emporium.
   497 | D        | Found Boucer's Antique Armour Emporium.
   497 | D        | Found Hurahyx's General Store.
   497 | D        | Noticed Menkaure
   522 | D        | Noticed an ice dragon
   525 | D        | Killed Menkaure
   528 | D        | Found Waquutwa's Weapon Shoppe.
   528 | D        | Found Zemusoaxu's Armour Emporium.
   528 | D        | Noticed an oklob plant
   529 | D        | Found Awiel's Weapon Shoppe.
   529 | D        | Found Odeusana's Book Shoppe.
   540 | D        | Bought the ring "Geqaalyry" {Fly Str+3 Slay+2} for 509 gold
                  | pieces
   555 | D        | Bought a potion of invisibility for 112 gold pieces
   559 | D        | Noticed a flying skull
   559 | D        | Noticed a flying skull
   559 | D        | Noticed a flying skull
   586 | D        | Found an iron altar of Okawaru.
   586 | D        | Found a radiant altar of Vehumet.
   586 | D        | Found a glowing silver altar of Zin.
   587 | D        | Found a sparkling altar of Nemelex Xobeh.
   587 | D        | Found a hide-covered altar of Uskayaw.
   588 | D        | Found an opulent altar of Gozag.
   588 | D        | Found a burning altar of Makhleb.
   588 | D        | Found a bloodstained altar of Trog.
   589 | D        | Found a blossoming altar of Fedhas.
   589 | D        | Found a corrupted altar of Lugonu.
   589 | D        | Found a basalt altar of Yredelemnul.
   589 | D        | Found a shimmering blue altar of Sif Muna.
   590 | D        | Found a white marble altar of Elyvilon.
   590 | D        | Found an ancient bone altar of Kikubaaqudgha.
   592 | D        | Found a shadowy altar of Dithmenos.
   592 | D        | Found a viscous altar of Jiyva.
   593 | D        | Found a snail-covered altar of Cheibriados.
   595 | D        | Found a shimmering altar of Xom.
   595 | D        | Found a sacrificial altar of Ru.
   595 | D        | Found a hazy altar of Hepliaklqana.
   595 | D        | Noticed a hornet
   595 | D        | Noticed a polar bear
   596 | D        | Found a glowing golden altar of the Shining One.
   596 | D        | Found an ornate altar of the Wu Jian Council.
   596 | D        | Found a stormy altar of Qazlal.
   596 | D        | Noticed a yaktaur
   601 | D        | Became a worshipper of Dithmenos the Shadowed
   611 | D        | Noticed a polar bear
   611 | D        | Noticed a polar bear
   612 | D        | Killed a polar bear
   613 | D        | Reached skill level 1 in Conjurations
   613 | D        | Reached skill level 1 in Earth Magic
   613 | D        | Killed a polar bear
   620 | D        | Killed a hornet
   620 | D        | Reached * piety under Dithmenos
   621 | D        | Reached skill level 10 in Dodging
   625 | D        | Killed a yaktaur
   626 | D        | Reached XP level 9. HP: 34/48 MP: 18/23
   628 | D        | Killed a polar bear
   629 | D        | Reached skill level 10 in Hexes
   641 | D        | Reached ** piety under Dithmenos
   647 | D        | Reached skill level 10 in Spellcasting
   657 | D        | Noticed a fire dragon
   660 | D        | Killed a fire dragon
   661 | D        | Reached skill level 5 in Earth Magic
   672 | D        | Noticed a deep elf master archer
   677 | D        | Killed a deep elf master archer
   677 | D        | Reached *** piety under Dithmenos
   678 | D        | Reached skill level 5 in Conjurations
   678 | D        | Reached XP level 10. HP: 45/55 MP: 23/25
   753 | D        | Noticed a death drake
   754 | D        | Noticed a death drake
   754 | D        | Noticed a crystal guardian
   756 | D        | Reached **** piety under Dithmenos
   757 | D        | Reached skill level 10 in Short Blades
   758 | D        | Killed a crystal guardian
   759 | D        | Killed a death drake
   761 | D        | Killed a death drake
   801 | D        | Reached ***** piety under Dithmenos
   837 | D        | Noticed an ice statue
   882 | D        | Noticed a kraken
   888 | D        | Killed a kraken
   889 | D        | Reached XP level 11. HP: 56/60 MP: 20/27
  1034 | D        | Noticed a deep troll
  1035 | D        | Noticed a deep troll
  1037 | D        | Killed a deep troll
  1038 | D        | Killed a deep troll
  1041 | D        | Noticed a sphinx
  1041 | D        | Noticed a sphinx
  1044 | D        | Killed a sphinx
  1045 | D        | Killed a sphinx
  1046 | D        | Reached skill level 10 in Earth Magic
  1134 | D        | Bought the +9 dagger "Qele Vua" {vorpal, Int+7 Stlth+} for
                  | 725 gold pieces
  1188 | D        | Noticed an obsidian statue
  1255 | D        | Noticed a shining eye
  1255 | D        | Noticed a shining eye
  1255 | D        | Noticed a shining eye
  1255 | D        | Noticed a great orb of eyes
  1255 | D        | Noticed a death yak
  1258 | D        | Killed a death yak
  1259 | D        | Reached ****** piety under Dithmenos
  1280 | D        | Gained mutation: You occasionally lose the ability to drink
                  | potions when taking damage. [a shining eye]
  1290 | D        | Gained mutation: You sometimes lose the ability to drink
                  | potions when taking damage. [a shining eye]
  1292 | D        | Gained mutation: Your magical capacity is low. (-10% MP) [a
                  | shining eye]
  1304 | D        | Gained mutation: Armour fits poorly on your strangely
                  | shaped body. [a shining eye]
  1308 | D        | Killed a great orb of eyes
  1313 | D        | Gained mutation: You have hidden genetic potential. [a
                  | shining eye]
  1314 | D        | Killed a shining eye
  1314 | D        | Gained mutation: You possess an exceptional clarity of
                  | mind. [a shining eye]
  1319 | D        | Killed a shining eye
  1324 | D        | Killed a shining eye
  1666 | D        | Got the Codex of Concussion and the Summer
  1733 | D        | Noticed a purple draconian shifter
  1734 | D        | Noticed a glowing orange brain
  1734 | D        | Noticed a hellephant
  1734 | D        | Noticed Sonja
  1736 | D        | Killed a hellephant
  1737 | D        | Reached XP level 12. HP: 62/67 MP: 22/27
  1737 | D        | Killed a purple draconian shifter
  1739 | D        | Killed Sonja
  1743 | D        | Reached skill level 10 in Conjurations
  1809 | D        | Bought a book of the Moon for 400 gold pieces
  1818 | D        | Learned a level 8 spell: Lehudib's Crystal Spear
  1852 | D        | Noticed Kirke
  1886 | D        | Bought a ring of poison resistance for 260 gold pieces
  1886 | D        | Bought a +4 ring of slaying for 1014 gold pieces
  1936 | D        | Learned a level 4 spell: Passage of Golubria
  1978 | D        | Reached skill level 1 in Translocations
  2014 | D        | Reached skill level 15 in Dodging
  2335 | D        | Noticed a deep elf blademaster
  2342 | D        | Killed a deep elf blademaster
  2343 | D        | Reached skill level 10 in Fighting
  2343 | D        | Reached skill level 5 in Translocations
  2346 | D        | Gained mutation: Your movements are slightly less
                  | encumbered by armour. (ER -2) [hidden potential]
  2717 | D        | Noticed Roxanne
  3103 | D        | Gained mutation: You have large cloven feet. [a shining
                  | eye]
  3110 | D        | Gained mutation: You occasionally lose the ability to read
                  | scrolls when taking damage. [a shining eye]
  3112 | D        | Gained mutation: Your magical capacity is very low. (-20%
                  | MP) [a shining eye]
  3125 | D        | Paralysed by a floating eye for 4 turns
  3127 | D        | Gained mutation: You are clumsy. (Dex -2) [a shining eye]
  3130 | D        | Gained mutation: You are very clumsy. (Dex -4) [a shining
                  | eye]
  3135 | D        | Gained mutation: Your body sometimes deteriorates upon
                  | taking damage. [a shining eye]
  3142 | D        | Paralysed by a floating eye for 2 turns
  3350 | D        | Paralysed by a floating eye for 4 turns
  3361 | D        | Paralysed by a floating eye for 4 turns
  3363 | D        | Gained mutation: Your magical capacity is extremely low.
                  | (-30% MP) [a shining eye]
  3366 | D        | Gained mutation: You are weak. (Str -2) [a shining eye]
  3372 | D        | Gained mutation: Your body often deteriorates upon taking
                  | damage. [a shining eye]
  3373 | D        | Reached skill level 15 in Spellcasting
  3379 | D        | Gained mutation: Potions are less effective at restoring
                  | your health. [a shining eye]
  3380 | D        | Lost mutation: You have hidden genetic potential. [a
                  | shining eye]
  3380 | D        | Gained mutation: You are very weak. (Str -4) [a shining
                  | eye]
  3382 | D        | Gained mutation: You are dopey. (Int -2) [a shining eye]
  3386 | D        | Gained mutation: You occasionally shout uncontrollably at
                  | your foes. [a shining eye]
  3388 | D        | Gained mutation: You are very dopey. (Int -4) [a shining
                  | eye]
  3390 | D        | Gained mutation: Potions cannot restore your health. [a
                  | shining eye]
  3393 | D        | Gained mutation: You frequently scream uncontrollably at
                  | your foes. [a shining eye]
  3397 | D        | Reached XP level 13. HP: 72/72 MP: 23/23
  3398 | D        | Gained mutation: Your spells are a little easier to cast,
                  | but a little less powerful. [a shining eye]
  3399 | D        | Lost mutation: You possess an exceptional clarity of mind.
                  | [a shining eye]
  3403 | D        | Lost mutation: Armour fits poorly on your strangely shaped
                  | body. [a shining eye]
  3405 | D        | Gained mutation: You are frail. (-10% HP) [a shining eye]
  3408 | D        | Gained mutation: You sometimes lose your temper in combat.
                  | [a shining eye]
  3418 | D        | Gained mutation: Armour fits poorly on your strangely
                  | shaped body. [a shining eye]
  3421 | D        | Lost mutation: Armour fits poorly on your strangely shaped
                  | body. [potion of mutation]
  3421 | D        | Lost mutation: You are frail. (-10% HP) [potion of
                  | mutation]
  3421 | D        | Gained mutation: You passively map a small area around you.
                  | [potion of mutation]
  3422 | D        | Lost mutation: Your spells are a little easier to cast, but
                  | a little less powerful. [potion of mutation]
  3422 | D        | Lost mutation: You sometimes lose your temper in combat.
                  | [potion of mutation]
  3422 | D        | Lost mutation: Potions cannot restore your health. [potion
                  | of mutation]
  3422 | D        | Gained mutation: You have hidden genetic potential. [potion
                  | of mutation]
  3423 | D        | Lost mutation: You passively map a small area around you.
                  | [potion of mutation]
  3423 | D        | Lost mutation: You occasionally lose the ability to read
                  | scrolls when taking damage. [potion of mutation]
  3423 | D        | Lost mutation: You have large cloven feet. [potion of
                  | mutation]
  3425 | D        | Lost mutation: You are very clumsy. (Dex -4) [potion of
                  | mutation]
  3425 | D        | Lost mutation: You have hidden genetic potential. [potion
                  | of mutation]
  3425 | D        | Lost mutation: You are clumsy. (Dex -2) [potion of
                  | mutation]
  3440 | D        | Identified the +8 spear "Xygheprot" {vamp, *Rage rC+ Str+3
                  | Dex+3}
  3683 | D        | Lost mutation: Your movements are slightly less encumbered
                  | by armour. (ER -2) [potion of mutation]
  3683 | D        | Lost mutation: Your body often deteriorates upon taking
                  | damage. [potion of mutation]
  3683 | D        | Lost mutation: You are very weak. (Str -4) [potion of
                  | mutation]
  3683 | D        | Gained mutation: You are frail. (-10% HP) [potion of
                  | mutation]
  3683 | D        | Lost mutation: You are weak. (Str -2) [potion of mutation]
  3683 | D        | Gained mutation: You are agile. (Dex +4, Str/Int -1)
                  | [potion of mutation]
  3684 | D        | Lost mutation: You frequently scream uncontrollably at your
                  | foes. [potion of mutation]
  3684 | D        | Lost mutation: You sometimes lose the ability to drink
                  | potions when taking damage. [potion of mutation]
  3684 | D        | Lost mutation: You are very dopey. (Int -4) [potion of
                  | mutation]
  3684 | D        | Lost mutation: You are agile. (Dex +4, Str/Int -1) [potion
                  | of mutation]
  3685 | D        | Lost mutation: You are frail. (-10% HP) [potion of
                  | mutation]
  3685 | D        | Lost mutation: You are dopey. (Int -2) [potion of mutation]
  3685 | D        | Lost mutation: Your body sometimes deteriorates upon taking
                  | damage. [potion of mutation]
  3685 | D        | Gained mutation: Your movements are slightly less
                  | encumbered by armour. (ER -2) [potion of mutation]
  3685 | D        | Gained mutation: You have hidden genetic potential. [potion
                  | of mutation]
  3685 | D        | Lost mutation: You occasionally lose the ability to drink
                  | potions when taking damage. [potion of mutation]
  3685 | D        | Gained mutation: You possess an exceptional clarity of
                  | mind. [potion of mutation]
  3686 | D        | Lost mutation: Your movements are slightly less encumbered
                  | by armour. (ER -2) [potion of mutation]
  3686 | D        | Lost mutation: You occasionally shout uncontrollably at
                  | your foes. [potion of mutation]
  3686 | D        | Lost mutation: You possess an exceptional clarity of mind.
                  | [potion of mutation]
  3686 | D        | Gained mutation: You passively dampen the noise of your
                  | surroundings. [potion of mutation]
  3686 | D        | Lost mutation: Potions are less effective at restoring your
                  | health. [potion of mutation]
  3686 | D        | Gained mutation: You have great hidden genetic potential.
                  | [potion of mutation]
  3686 | D        | Gained mutation: Your flesh is cold resistant. (rC+)
                  | [potion of mutation]
  3751 | D        | Killed from afar by Roxanne

Illustrated notes

Levels and vault maps discovered:
D:        the_violet_keep_of_menkaure [sprint2_stairs_cluster_1,
          sprint2_shoproom, sprint2_temple, sprint2_basic_supplies,
          sprint2_obstacle_3, sprint2_obstacle_5, sprint2_obstacle_2,
          sprint2_obstacle_1, sprint2_obstacle_6, sprint2_timed_cluster_1,
          sprint2_smallroom_cluster_1, sprint2_smallroom_final_cluster_1,
          sprint2_transparent_cluster_1, sprint2_second_timed_cluster_1,
          sprint2_sniper_area_1, sprint2_heavy_combat_area_1,
          sprint2_mutation_trap_area_1, sprint2_forest_area_1,
          sprint2_light_combat_area_1, sprint2_behind_water_1,
          sprint2_near_end_vault_1]

Skill      XL: |  1  2  3  4  5  6  7  8  9 10 11 12 |
---------------+-------------------------------------+-----
Fighting       | 2 3 4 5 6 7 8 9 10 | 10.8
Short Blades   | 4 5 6 7 8 9 10 11 | 11.5
Dodging        | 5 6 7 9 10 11 12 14 16 | 16.3
Stealth        | 9 11 12 13 15 16 | 16.0
Spellcasting   | 5 6 7 8 9 10 11 13 15 | 15.3
Hexes          | 5 6 7 9 11 12 13 14 | 14.0
Conjurations   | 3 5 7 9 11 | 11.7
Earth Magic    | 3 6 8 11 13 | 13.8
Translocations | 7 |  7.0

Action                   |  1- 3 |  4- 6 |  7- 9 | 10-12 | 13-15 || total
-------------------------+-------+-------+-------+-------+-------++-------
Melee: Dagger            |    13 |     7 |    62 |   223 |    70 ||   375
       Punch             |     3 |       |       |     3 |     2 ||     8
       Kick              |       |       |       |    28 |     9 ||    37
 Cast: Ensorcelled Hiber |       |     2 |     3 |     9 |       ||    14
       Confusing Touch   |       |       |     5 |    22 |       ||    27
       Dazzling Flash    |       |       |       |     5 |     3 ||     8
Invok: Shadow Step       |       |       |       |     2 |       ||     2
Evoke: Wand              |       |       |       |     2 |       ||     2
  Use: Potion            |     4 |       |     3 |     5 |    10 ||    22
       Scroll            |       |       |       |     1 |       ||     1
 Stab: Invisible         |     3 |     2 |     3 |     6 |     1 ||    15
       Sleeping          |       |     2 |     9 |    34 |       ||    45
       Confused          |       |       |     5 |    16 |       ||    21
Armor: Robe              |       |       |     3 |     1 |       ||     4
Dodge: Dodged            |     2 |     2 |    27 |    71 |     1 ||   103
